 Dungeon Crawl Stone Soup version 0.30-a0-953-g5f1da4a474 (webtiles) character file.

Game seed: 351354517210111476

83 sanka the Shooter (level 4, -1/25 HPs)
             Began as a Deep Elf Hunter on Mar 28, 2023.
             Slain by a goblin
             ... wielding a +0 dagger
             ... led by Robin
              (2 damage)
             ... on level 3 of the Dungeon.
             The game lasted 00:02:24 (1733 turns).

sanka the Shooter (Deep Elf Hunter)                 Turns: 1733, Time: 00:02:25

Health: -1/25      AC:  4    Str:  8    XL:     4   Next: 22%
Magic:  6/6        EV: 13    Int: 14    God:
Gold:   112        SH:  0    Dex: 20    Spells: 3/3 levels left

rFire   . . .      SeeInvis .    a - +0 shortbow
rCold   . . .      Faith    .    (shield currently unavailable)
rNeg    . . .      Spirit   .    c - +0 leather armour
rPois   .          Reflect  .    (no helmet)
rElec   .          Rampage  .    (no cloak)
rCorr   .                        j - +0 pair of gloves
Will    +....                    (no boots)
Stlth   ++                       (no amulet)
HPRegen 0.24/turn                (no ring)
MPRegen 0.10/turn                i - ring of willpower

@: no status effects
A: no striking features
a: no special abilities


You were on level 3 of the Dungeon.
You visited 1 branch of the dungeon, and saw 3 of its levels.

You collected 112 gold pieces.


   Skills:
 - Level 1.5 Fighting
 + Level 6.5 Ranged Weapons
 + Level 4.2 Dodging
 - Level 1.2 Stealth


You had 3 spell levels left.
You didn't know any spells.
Your spell library contained the following spells:

 Spells                   Type           Power      Damage    Failure   Level
 Animate Dead             Necr           0%         N/A       99%         4
 Haunt                    Necr/Summ      0%         N/A       100%        7
 Infestation              Necr           0%         N/A       100%        8

Inventory:

Hand Weapons
 a - a +0 shortbow (weapon)
Armour
 c - a +0 leather armour (worn)
 j - a +0 pair of gloves (worn)
Magical Staves
 n - a staff of cold
Jewellery
 i - a ring of willpower (right hand)
Wands
 m - a wand of acid (9)
Scrolls
 b - a scroll of immolation {!r}
 e - a scroll of fear {unknown}
 h - 2 scrolls of identify {unknown}
Potions
 d - 2 potions of curing {unknown}
 f - a potion of heal wounds {unknown}
 g - a potion of lignification {unknown}
 k - a potion of attraction {unknown}
 l - a potion of magic {unknown}

Dungeon Overview and Level Annotations

Branches:
Dungeon (3/15)

Altars:

Annotations:
D:3 Robin

▒▒▒▒▒▒..†.......▒.▒▒....▒
▒................g..▒
▒...................▒
▒...................▒
▒▒▒▒▒▒.▒.................▒
.......▒▒......)...g.....▒
....).▒▒▒▒.....▒g........▒
......▒ ▒▒▒▒▒▒▒gg...▒▒▒▒▒
......▒ ▒eg..)▒ ......▒
▒▒▒▒▒▒▒ ▒▒▒▒▒▒▒


You could see Robin, a hobgoblin (strong) and 4 goblins.


Message History

The goblin completely misses you.
You hear a shout!
You shoot an arrow. The arrow completely misses the adder.
The arrow hits the goblin!
You kill the goblin!
The adder misses you. The goblin hits you with a +0 club. The adder bites you.
* * * LOW HITPOINT WARNING * * *
You shoot an arrow. The arrow closely misses the adder.
The adder bites you but does no damage. The goblin hits you with a +0 dagger.
* * * LOW HITPOINT WARNING * * *
The goblin hits you with a +0 club.
* * * LOW HITPOINT WARNING * * *
The adder bites you but does no damage.
You shoot an arrow. The arrow hits the adder!
You kill the adder!
The goblin hits you with a +0 dagger.
* * * LOW HITPOINT WARNING * * *
The goblin hits you with a +0 club.
* * * LOW HITPOINT WARNING * * *
A goblin comes into view. It is wielding a +0 dagger.
The hobgoblin hits you but does no damage.
The goblin hits you but does no damage. The goblin hits you with a +0 dagger.
You die...

Action                     |  1- 3 |  4- 6 || total
---------------------------+-------+-------++-------
   Fire: Shortbow          |    99 |    14 ||   113
 Armour: Leather armour    |    12 |     6 ||    18
  Dodge: Dodged            |    20 |     7 ||    27

Levels and vault maps discovered:
D:1:      wander_arrival_lonely_grave, layout_loops_ring, chequers_mini_garden,
          kennysheep_boxes
D:2:      layout_loops_corners, dreamdust_ecumenical_altar_sealed_demon,
          chequers_serial_rivers_room_b, minmay_pentomino_u4
D:3:      layout_rooms, amcnicky_altar_gilded,
          yredelemnul_forgotten_temple_becter, serial_shops, shop, uniq_robin,
          uniq_grinder, uniq_jessica, uniq_ijyb

Notes
Turn   | Place    | Note
-------+----------+-------------------------------------------
     0 | D:1      | sanka the Deep Elf Hunter began the quest for the Orb.
     0 | D:1      | Reached XP level 1. HP: 12/12 MP: 3/3
   100 | D:1      | Reached skill level 3 in Dodging
   100 | D:1      | Reached XP level 2. HP: 16/16 MP: 4/4
   808 | D:2      | Reached skill level 6 in Ranged Weapons
   943 | D:2      | Reached XP level 3. HP: 20/20 MP: 5/5
  1316 | D:2      | Reached skill level 4 in Dodging
  1366 | D:2      | Found a faded altar of an unknown god.
  1366 | D:2      | Noticed a ynoxinul
  1673 | D:3      | Reached XP level 4. HP: 25/25 MP: 6/6
  1724 | D:3      | Noticed Robin
  1733 | D:3      | HP: 2/25 [goblin/+0 dagger[Robin] (5)]
  1733 | D:3      | Slain by a goblin

Vanquished Creatures
  5 adders
  6 bats
  7 endoplasms
  A giant cockroach (D:2)
  4 goblins
  2 hobgoblins (D:1)
  4 quokkas
  2 ball pythons
  2 frilled lizards
  7 kobolds
  5 rats
45 creatures vanquished.

Vanquished Creatures (others)
  2 demonic plants (D:2)
2 creatures vanquished.

Grand Total: 47 creatures vanquished
